 Dungeon Crawl Stone Soup version 0.31-a0-1072-g202bf7ea07 (webtiles) character file.

Game seed: 17445073218579770192

9614 rovamarkku the Thaumaturge (level 11, -1/51 HPs)
             Began as a Spriggan Conjurer on Nov 24, 2023.
             Killed from afar by an orc sorcerer (13 damage)
             ... with a bolt of fire
             ... led by an orc warlord
             ... on level 2 of the Orcish Mines on Nov 26, 2023.
             The game lasted 01:39:00 (11407 turns).

rovamarkku the Thaumaturge (Spriggan Conjurer)     Turns: 11407, Time: 01:39:01

Health: -1/51      AC:  6    Str:  3    XL:     11   Next: 25%
Magic:  9/28       EV: 25    Int: 25    God:
Gold:   356        SH:  0    Dex: 13    Spells: 20/34 levels left

rFire   + . .        i - +3 dagger (vamp)
rCold   . . .        (no shield)
rNeg    . . .        b - +1 steam dragon scales
rPois   .            (helmet restricted)
rElec   +            (no cloak)
rCorr   .            (gloves unavailable)
SInv    +            (boots unavailable)
Will    +....        r - amulet of the acrobat
Stlth   +++++        e - ring of wizardry
HPRegen 0.28/turn    q - ring of Saeceuwk {rElec rF+ EV+5 SInv}
MPRegen 0.21/turn

%: acrobat, wizardry (x1)
@: very slightly contaminated, very quick
A: very small, no large weapons, unfitting armour, see invisible, speed 3
a: no special abilities


You were on level 2 of the Orcish Mines.
You visited 3 branches of the dungeon, and saw 13 of its levels.

You collected 646 gold pieces.
You spent 290 gold pieces at shops.

Inventory:

Hand Weapons
 i - a +3 vampiric dagger (weapon)
 v - a +1 short sword of electrocution
 z - a +0 dagger of venom
 A - a +3 dagger
 F - a +2 arbalest of flaming
Missiles
 K - 24 poisoned darts
 L - 2 atropa-tipped darts
Armour
 a - a +0 robe
 b - +1 steam dragon scales (worn)
 n - a +0 buckler
 s - the scarf of Vomamutz {+Inv, Str-5 Int+3 SInv}
   (You bought it in a shop on level 8 of the Dungeon)

   Str-5:     It affects your strength (-5).
   Int+3:     It affects your intelligence (+3).
   SInv:      It lets you see invisible.
Jewellery
 e - a ring of wizardry (left hand)
 f - a ring of resist corrosion
 m - an amulet of regeneration
 q - the ring of Saeceuwk (right hand) {rElec rF+ EV+5 SInv}
   (You acquired it on level 8 of the Dungeon)

   [ring of evasion]

   EV+5:      It affects your evasion (+5).
   rF+:       It protects you from fire.
   rElec:     It insulates you from electricity.
   SInv:      It lets you see invisible.
 r - an amulet of the acrobat (around neck)
 t - an amulet of guardian spirit
 x - a ring of fire
 y - a ring of protection from fire
 E - the ring of Zourisipt {rElec rF+ SInv}
   (You took it off a centaur on level 5 of the Dungeon)

   [ring of see invisible]

   rF+:       It protects you from fire.
   rElec:     It insulates you from electricity.
   SInv:      It lets you see invisible.
 G - an amulet of reflection
Talismans
 d - a beast talisman
 l - a blade talisman
Wands
 j - a wand of flame (5)
 p - a wand of paralysis (13)
 D - a wand of iceblast (3)
Scrolls
 c - 2 scrolls of silence
 g - 4 scrolls of amnesia
 k - 3 scrolls of identify
 o - a scroll of fear
 u - 3 scrolls of blinking
 w - 2 scrolls of teleportation
Potions
 h - 5 potions of degeneration
 B - 2 potions of mutation {unknown}
 J - 2 potions of curing


   Skills:
 + Level 2.4 Fighting
 + Level 3.5 Short Blades
 + Level 7.8 Dodging
 + Level 10.8 Stealth
 + Level 0.8 Shields
 + Level 12.2 Spellcasting
 + Level 7.5 Conjurations
 + Level 2.3 Hexes
 + Level 7.4 Translocations


You had 20 spell levels left.
You knew the following spells:

 Your Spells              Type           Power      Damage    Failure   Level
a - Magic Dart            Conj           100%       1d8       1%          1
b - Searing Ray           Conj           100%       2d8       1%          2
c - Iskenderun's Mystic   Conj/Tloc      52%        2d11      1%          4
d - Dazzling Flash        Conj/Hex       78%        N/A       1%          3
e - Fulminant Prism       Conj/Hex       19%        3d11      2%          4

Your spell library contained the following spells:

 Spells                   Type           Power      Damage    Failure   Level
 Volatile Blastmotes      Fire/Tloc      66%        2d15      1%          3
 Cigotuvi's Dreadful Rot  Necr/Pois/Air  30%        N/A       2%          2
 Ignite Poison            Fire/Tmut/Pois 15%        N/A       4%          3
 Summon Forest            Summ/Tloc      16%        N/A       10%         5
 Freezing Cloud           Conj/Ice/Air   13%        6-21      16%         5
 Summon Mana Viper        Hex/Summ       21%        N/A       26%         5
 Starburst                Conj/Fire      17%        6d6       43%         6
 Summon Cactus Giant      Summ           7%         N/A       91%         6
 Maxwell's Capacitive Co  Air            7%         ∞         100%        8


Dungeon Overview and Level Annotations

Branches:
Dungeon (9/15)             Temple (0/1) D:5            Lair (2/5) D:8
    Orc (2/2) D:9
  Swamp: Lair:2-3    Shoals: Lair:2-3     Snake: Lair:2-3    Spider: Lair:2-3
    Elf: Orc:2

Altars:
Ashenzari
Nemelex Xobeh
Okawaru
Ru
The Shining One

Shops:
D:7 *   D:8 [


Innate Abilities, Weirdness & Mutations

You are very small and have problems with some larger weapons.
You are too small for most types of armour.
You have supernaturally acute eyesight. (SInv)
You cover ground extremely quickly. (Speed+++)


Message History

Casting: Fulminant Prism (dangerous; 2% risk of failure)
Confirm with . or Enter, or press ? or * to list all spells.
Aiming: Fulminant Prism (dangerous; 2% risk of failure)
Press: ? - help, Dir - move target You conjure a prism of explosive energy!
A fulminant prism comes into view.
An orc comes into view. It is wielding a +0 club.
An orc warlord comes into view.
It is wielding a +3 war axe of electrocution and wearing a +0 plate armour of poison resistance.
Casting: Fulminant Prism (dangerous; 2% risk of failure)
Confirm with . or Enter, or press ? or * to list all spells.
You erupt in a blast of force!
The mystic blast hits the two-headed ogre!
The two-headed ogre is moderately wounded.
The two-headed ogre is knocked back by the mystic blast.
The two-headed ogre collides with the orc wizard!
The orc wizard is lightly wounded.
The two-headed ogre is heavily wounded.
The mystic blast hits the ogre!
The ogre is severely wounded.
The ogre is knocked back by the mystic blast.
The mystic blast hits the two-headed ogre!
The two-headed ogre is moderately wounded.
You hear two shouts!
The two-headed ogre misses you.
The two-headed ogre hits you with a +0 giant club!!
* * * LOW HITPOINT WARNING * * *
An orc warrior comes into view. It is wielding a +0 mace.
The orc warlord roars a battlecry!
The orcs go into a battle-frenzy!
A two-headed ogre comes into view. It is wielding two +0 giant clubs.
The two-headed ogre hits your fulminant prism with a +0 giant club!!
Your fulminant prism detonates feebly.
An ogre comes into view. It is wielding a +0 giant club.
You hear a shout!
Casting: Iskenderun's Mystic Blast (dangerous; 1% risk of failure)
Confirm with . or Enter, or press ? or * to list all spells.
You don't know that spell.
The orc sorcerer casts a spell at you. The bolt of fire hits you! You resist.
You die...

#............
##.........o..
#.........o..$
#........oooo
##............
#.......).T...
##...O..[.O...
#.....@O)OoOO.
#.....)...O..O
##......O.....
#.............
##............
#.........##..
#.......... .
##..........


You could see an orc warlord, 6 two-headed ogres, a troll, an orc sorcerer
(strong), 2 orc warriors, 3 ogres, 2 orc wizards and an orc (strong).

Vanquished Creatures
  A faun (shapeshifter) (D:8)
  A black mamba (Lair:1)
  An elephant (D:8)
  3 cane toads (Lair:1)
  A rime drake (Lair:1)
  A troll (D:9)
  5 blink frogs (Lair:1)
  Prince Ribbit (D:8)
  4 yaks (Lair:1)
  4 wyverns
  Eustachio (D:4)
  2 steam dragons
  2 basilisks (Lair:1)
  2 water moccasins (Lair:1)
  5 orc warriors
  6 black bears
  5 ogres
  A centaur (D:5)
  2 phantoms (D:5)
  4 kobold brigands (D:9)
  3 bullfrogs
  A gnoll sergeant (D:9)
  7 scorpions
  8 wights (D:8)
  2 howler monkeys
  An electric eel (Lair:2)
  5 hounds
  5 jellies
  4 orc priests
  A gnoll bouda (D:6)
  2 sleepcaps
  5 orc wizards
  4 iguanas
  Terence (D:3)
  5 gnolls (D:9)
  10 adders
  3 shadow imps
  2 white imps
  3 worms
  2 dart slugs
  38 orcs
  A bat (D:1)
  8 endoplasms
  3 giant cockroaches
  3 goblins
  4 hobgoblins
  4 kobolds
  8 quokkas
  7 ball pythons
  3 frilled lizards
  6 rats
211 creatures vanquished.

Vanquished Creatures (others)
  14 fulminant prisms
14 creatures vanquished.

Grand Total: 225 creatures vanquished

Notes
Turn   | Place    | Note
-------+----------+-------------------------------------------
     0 | D:1      | rovamarkku the Spriggan Conjurer began the quest for the
                  | Orb.
     0 | D:1      | Reached XP level 1. HP: 9/9 MP: 5/5
   225 | D:1      | Reached XP level 2. HP: 13/13 MP: 2/6
   969 | D:2      | Found a faded altar of an unknown god.
  1084 | D:2      | Reached XP level 3. HP: 16/16 MP: 5/8
  1256 | D:2      | Reached skill level 3 in Spellcasting
  1343 | D:2      | Learned a level 2 spell: Searing Ray
  1772 | D:3      | Reached XP level 4. HP: 21/21 MP: 3/9
  2216 | D:3      | Found a sacrificial altar of Ru.
  2332 | D:3      | Noticed Terence
  2341 | D:3      | Killed Terence
  2506 | D:4      | Reached XP level 5. HP: 22/24 MP: 9/11
  2591 | D:4      | Noticed Eustachio
  2618 | D:4      | Killed Eustachio
  2619 | D:4      | Reached skill level 4 in Spellcasting
  2619 | D:4      | Reached XP level 6. HP: 27/28 MP: 4/14
  2956 | D:4      | Found an iron altar of Okawaru.
  3181 | D:4      | Found a glowing golden altar of the Shining One.
  3256 | D:4      | Learned a level 4 spell: Iskenderun's Mystic Blast
  3410 | D:5      | Entered Level 5 of the Dungeon
  3431 | D:4      | Reached skill level 5 in Spellcasting
  3553 | D:5      | Found a staircase to the Ecumenical Temple.
  3649 | D:5      | Reached skill level 1 in Short Blades
  3649 | D:5      | Reached skill level 5 in Stealth
  3649 | D:5      | Reached XP level 7. HP: 32/32 MP: 14/16
  3739 | D:5      | Noticed a steam dragon
  3768 | D:5      | Killed a steam dragon
  3769 | D:5      | Reached skill level 6 in Spellcasting
  3826 | D:5      | Reached skill level 1 in Fighting
  3930 | D:5      | Reached skill level 5 in Conjurations
  3934 | D:5      | Learned a level 3 spell: Dazzling Flash
  3979 | D:5      | Found a sparkling altar of Nemelex Xobeh.
  4048 | D:5      | Reached XP level 8. HP: 29/37 MP: 14/19
  4355 | D:5      | Reached skill level 7 in Spellcasting
  4571 | D:5      | Reached skill level 5 in Dodging
  4843 | D:5      | Identified the ring of Zourisipt {rElec rF+ SInv}
  4873 | D:4      | Upgraded the game from 0.31-a0-1068-g5939ac1fb6 to
                  | 0.31-a0-1072-g202bf7ea07
  5043 | D:5      | Reached skill level 8 in Spellcasting
  5043 | D:5      | Reached skill level 1 in Translocations
  5618 | D:6      | Reached XP level 9. HP: 42/42 MP: 18/22
  5647 | D:6      | Found a broken altar of Ashenzari.
  5661 | D:6      | Learned a level 4 spell: Fulminant Prism
  6557 | D:7      | Reached skill level 9 in Spellcasting
  6953 | D:7      | Found Xetops's Mail-Order Catalogue.
  7216 | D:8      | Identified a scroll of acquirement
  7216 | D:8      | Acquired the ring of Saeceuwk {rElec rF+ EV+5 SInv}
  7494 | D:8      | Reached skill level 1 in Hexes
  7922 | D:8      | Found a staircase to the Lair.
  7943 | D:8      | Noticed an elephant
  8245 | D:8      | Noticed a shock serpent
  8251 | D:8      | Killed an elephant
  8252 | D:8      | Reached skill level 10 in Spellcasting
  8253 | D:8      | Noticed an anaconda
  8588 | Lair:1   | Entered Level 1 of the Lair of Beasts
  8612 | Lair:1   | Reached skill level 10 in Stealth
  8636 | Lair:1   | Noticed a cane toad
  8639 | Lair:1   | Noticed a black mamba
  8655 | Lair:1   | Killed a cane toad
  8656 | Lair:1   | Reached XP level 10. HP: 40/46 MP: 11/25
  8693 | Lair:1   | Killed a black mamba
  8937 | Lair:1   | Noticed a cane toad
  8959 | Lair:2   | Noticed a cane toad
  8967 | Lair:1   | Killed a cane toad
  8973 | Lair:1   | Reached skill level 11 in Spellcasting
  8973 | Lair:1   | Reached skill level 5 in Translocations
  9091 | Lair:1   | Killed a cane toad
  9131 | D:8      | Noticed an elephant
  9212 | D:8      | Noticed a skyshark
  9404 | D:8      | a skyshark changed into a faun
  9404 | D:8      | Noticed a faun (shapeshifter)
  9419 | D:8      | Killed a faun
  9667 | Lair:1   | Noticed an elephant
  9672 | Lair:1   | Noticed an elephant
  9672 | Lair:1   | Noticed an elephant
  9673 | Lair:1   | Noticed an elephant
  9868 | D:8      | Found Kyhoeps's Antique Armour Shoppe.
  9871 | D:8      | Bought an ichor-stained scarf for 290 gold pieces
  9871 | D:8      | Identified the scarf of Vomamutz {+Inv, Str-5 Int+3 SInv}
                  | (You bought it in a shop on level 8 of the Dungeon)
  9986 | D:8      | Noticed Prince Ribbit
  9993 | D:8      | Killed Prince Ribbit
  9994 | D:8      | Reached XP level 11. HP: 51/51 MP: 18/27
 10499 | D:9      | Found a staircase to the Orcish Mines.
 10812 | Orc:1    | Entered Level 1 of the Orcish Mines
 10925 | Orc:1    | Reached skill level 12 in Spellcasting
 11262 | Orc:2    | Entered Level 2 of the Orcish Mines
 11268 | Orc:2    | Noticed a two-headed ogre
 11271 | Orc:2    | Noticed a two-headed ogre
 11402 | Orc:2    | Noticed a two-headed ogre
 11402 | Orc:2    | Noticed a two-headed ogre
 11403 | Orc:2    | Noticed a two-headed ogre
 11403 | Orc:2    | Noticed an orc sorcerer
 11405 | Orc:2    | Noticed an orc warlord
 11406 | Orc:2    | Noticed a two-headed ogre
 11407 | Orc:2    | Killed from afar by an orc sorcerer

Illustrated notes

Levels and vault maps discovered:
D:1:      wander_arrival_lonely_grave, layout_loops_ring, serial_park_tiny_1
D:2:      layout_rooms, ebering_ecumenical_altar_webs, minmay_misc_feat_plants
D:3:      layout_basic, nicolae_ru_sacrificial_ziggurat, st_stairs_8,
          uniq_terence
D:4:      layout_gridville, nicolae_tso_swordbearing_angel,
          nicolae_overflow_hidden_temple, uniq_eustachio
D:5:      kennysheep_windowed_halls, layout_rooms, marbit_many_paths,
          minmay_temple_entry_water_ring
D:6:      layout_rooms, ashenzari_altar_1, minmay_misc_feat_encased,
          nicolae_fountain_basement
D:7:      layout_basic, monkooky_shop_mail_order
D:8:      layout_basic, david_lair_generic, serial_shops, kennysheep_mini_moat,
          uniq_prince_ribbit1
D:9:      layout_loops_corners, kennysheep_orc_sif_temple,
          nzn_wu_jian_council_hall, kennysheep_orc_monster_closet_entryway,
          uniq_erolcha, uniq_grum
Lair:1:   dragon1_lemuel, layout_regular_city
Lair:2:   layout_cellular_growth, infiniplex_staircase_pool
Orc:1:    layout_caves
Orc:2:    st_orc_ogre_mass, layout_caves, mines1_david

Skill      XL: |  1  2  3  4  5  6  7  8  9 10 11 |
---------------+----------------------------------+-----
Conjurations   | 3 4 5 6 7 |  7.5
Dodging        | 3 4 5 6 7 |  7.8
Spellcasting   | 3 4 5 6 8 10 11 12 | 12.2
Stealth        | 4 5 6 7 10 | 10.8
Short Blades   | 1 2 3 |  3.5
Fighting       | 1 2 |  2.4
Translocations | 2 4 6 7 |  7.4
Hexes          | 1 2 |  2.3
Shields        | |  0.8

Action                     |  1- 3 |  4- 6 |  7- 9 | 10-12 || total
---------------------------+-------+-------+-------+-------++-------
  Melee: Unarmed           |     5 |       |       |       ||     5
         Dagger            |     1 |    11 |    59 |    56 ||   127
         Punch             |       |       |     1 |     1 ||     2
   Cast: Magic Dart        |    80 |    64 |   149 |    22 ||   315
         Searing Ray       |       |     9 |    29 |     9 ||    47
         Iskenderun's Myst |       |       |    51 |    59 ||   110
         Dazzling Flash    |       |       |     8 |       ||     8
         Fulminant Prism   |       |       |     8 |     6 ||    14
    Use: Potion            |       |     4 |     4 |     2 ||    10
         Scroll            |       |     2 |    17 |     1 ||    20
   Stab: Sleeping          |     2 |     7 |    13 |     4 ||    26
         Invisible         |       |       |     1 |       ||     1
         Distracted        |       |       |     1 |       ||     1
 Armour: Robe              |     5 |    21 |     6 |       ||    32
         Steam dragon scal |       |       |    64 |    34 ||    98
  Dodge: Dodged            |     8 |    40 |   145 |   119 ||   312
  Block: Other             |       |       |    16 |       ||    16

Table legend: (Time is in decaauts)
 A = Elapsed time spent in this place.
 B = Non-inter-level travel time spent in this place.
 C = Inter-level travel time spent in this place.
 D = Time resting spent in this place.
 E = Time spent auto-exploring this place.
 F = Levels seen in this place.
 G = Mean time per level.
                   A        B        C        D        E       F      G
               +--------+--------+--------+--------+--------+-----+--------+
         Total |   9158 |   9158 |      0 |   3276 |   3617 |  13 |  704.5 |
       Dungeon |   8068 |   8068 |      0 |   2692 |   3441 |   9 |  896.4 |
          Lair |    640 |    640 |      0 |    266 |    102 |   2 |  320.0 |
  Orcish Mines |    448 |    448 |      0 |    318 |     73 |   2 |  224.0 |
               +--------+--------+--------+--------+--------+-----+--------+

Top non-repeatable levels by time:
     D:8: 1838 daAuts
     D:5: 1572 daAuts
     D:7: 999 daAuts
     D:4: 872 daAuts
     D:1: 744 daAuts
  Lair:1: 634 daAuts
     D:3: 626 daAuts
     D:2: 559 daAuts
     D:6: 553 daAuts
   Orc:1: 428 daAuts
     D:9: 302 daAuts
   Orc:2: 20 daAuts
  Lair:2: 6 daAuts
